 Dungeon Sprint DCSS version 0.28.0-53-g5a82cb258f (webtiles) character file.

Game seed: 7744516346990892413

3 Zeld the Conjurer (level 1, -1/10 HPs)
             Began as a Deep Elf Conjurer on June 5, 2022.
             Slain by a human (2 damage)
             ... in the Dungeon (Sprint III: "The Ten Rune Challenge").
             The game lasted 00:00:31 (96 turns).

Zeld the Conjurer (Deep Elf Conjurer)                 Turns: 96, Time: 00:00:32

Health: -1/10      AC:  2    Str:  4    XL:     1   Next: 41%
Magic:  1/6        EV: 12    Int: 22    God:
Gold:   8          SH:  0    Dex: 13    Spells: 5/6 levels left

rFire   . . .      SeeInvis .   (no weapon)
rCold   . . .      Faith    .   (no shield)
rNeg    . . .      Spirit   .   a - +0 robe
rPois   .          Reflect  .   (no helmet)
rElec   .          Harm     .   (no cloak)
rCorr   .          Rampage  .   (no gloves)
Will    .....      NoTele   +   (no boots)
Stlth   ++........              (no amulet)
HPRegen 0.03/turn               h - ring of flight
MPRegen 0.10/turn               (no ring)

@: flying
A: no striking features
a: no special abilities


You were in the Dungeon.
You visited 1 branch You collected 8 gold pieces.

Inventory:

Armour
 a - a +0 robe (worn)
Jewellery
 h - a ring of flight (left hand)
Scrolls
 g - a scroll of blinking
Potions
 b - a potion of curing
 c - a potion of heal wounds
 d - a potion of haste
 e - a potion of magic
 f - a potion of berserk rage


   Skills:
 + Level 2.4 Dodging
 - Level 2.4 Stealth
 + Level 3.4 Spellcasting
 + Level 4.5 Conjurations
 - Level 2.0 Hexes
 * Level 1.5 Translocations


You had 5 spell levels left.
You knew the following spells:

 Your Spells              Type           Power      Damage    Failure   Level
a - Magic Dart            Conj           92%        1d7       1%          1

Your spell library contained the following spells:

 Spells                   Type           Power      Damage    Failure   Level
 Searing Ray              Conj           46%        2d6       2%          2
 Dazzling Flash           Conj/Hex       36%        N/A       10%         3
 Fulminant Prism          Conj/Hex       9%         3d7       30%         4
 Iskenderun's Mystic Bla  Conj/Tloc      17%        2d5       32%         4


Dungeon Overview and Level Annotations

Branches:
Dungeon (1/1)

Altars:


Message History

The human splashes around in the water.
Unknown command.
Casting: Magic Dart (safe; 1% risk of failure)
Confirm with . or Enter, or press ? or * to list all spells.
Aiming: Magic Dart (safe; 1% risk of failure)
Press: ? - help, Shift-Dir - straight line, f/p - human
Aim: a human (severely wounded, 100% to hit)
The magic dart hits the human.
The human is severely wounded.
The human hits you.
Unknown command.
Casting: Magic Dart (safe; 1% risk of failure)
Confirm with . or Enter, or press ? or * to list all spells.
Aiming: Magic Dart (safe; 1% risk of failure)
Press: ? - help, Shift-Dir - straight line, f/p - human
Aim: a human (severely wounded, 100% to hit)
The magic dart hits the human but does no damage.
The human is severely wounded.
The phantom misses you. The human closely misses you.
Unknown command.
Casting: Magic Dart (safe; 1% risk of failure)
Confirm with . or Enter, or press ? or * to list all spells.
Aiming: Magic Dart (safe; 1% risk of failure)
Press: ? - help, Shift-Dir - straight line, f/p - human
Aim: a human (severely wounded, 100% to hit)
The magic dart hits the human.
The human is almost dead.
The phantom hits you.
Ouch! That really hurt!
* * * LOW HITPOINT WARNING * * *
The human misses you.
Casting: Magic Dart (safe; 1% risk of failure)
Confirm with . or Enter, or press ? or * to list all spells.
Aiming: Magic Dart (safe; 1% risk of failure)
Press: ? - help, Shift-Dir - straight line, f/p - human
Aim: a human (almost dead, 100% to hit)
The magic dart hits the human but does no damage.
The human is almost dead.
The phantom completely misses you. The human hits you.
You die...

▓▓▓▓ ▓▓▓▓ ▓<.#
+...♣♣ ▓..# #....♣♣
▓#'####.....♣♣ .#
▓.....#....≈.♣♣ ..#
▓.....#...≈≈♣.♣...#
▓.....#..≈≈W≈.....+
▓####'#..≈≈@≈≈≈♣..
▓....†#.≈≈≈p≈≈....#
▓.....#.≈≈≈≈≈.....#
▓.....#.≈≈≈.......#
▓'#####...........#
▓.................#
▓▓▓▓▓▓▓▓▓▓▓▓▓▓▓▓▓▓▓


You could see a human and a phantom.

Vanquished Creatures
  An endoplasm (D)
  3 rats (D)
4 creatures vanquished.

Notes
Turn   | Place    | Note
-------+----------+-------------------------------------------
     0 | D        | Zeld the Deep Elf Conjurer began the quest for the Orb.
     0 | D        | Reached XP level 1. HP: 10/10 MP: 6/6
     4 | D        | Reached skill level 1 in Hexes
     4 | D        | Reached skill level 1 in Translocations
    96 | D        | Slain by a human

Illustrated notes

Levels and vault maps discovered:
D:        dungeon_sprint_mu [sprint_mu_entry_forest, sprint_mu_temple_rooms,
          sprint_mu_d1_horrors, sprint_mu_d2_genie, sprint_mu_d3_branching,
          sprint_mu_orc_legion, sprint_mu_elf_gauntlet, sprint_mu_hive_nellie,
          sprint_mu_lair_fedhas, sprint_mu_vaults_butterflies,
          sprint_mu_slime_circle, sprint_mu_swamp_cave, sprint_mu_shoals_archi,
          sprint_mu_blade_basic, sprint_mu_crypt_fortress,
          sprint_mu_tomb_spiral, sprint_mu_vestibule_basic,
          sprint_mu_gehenna_hellfire, sprint_mu_dis_giant,
          sprint_mu_tartarus_statrot, sprint_mu_cocytus_islands, sprint_mu_zot1]

Skill      XL: |  1 |
---------------+----+-----
Hexes          | 2 |  2.0
Translocations | 1 |  1.5
Dodging        | |  2.4
Stealth        | |  2.4
Spellcasting   | |  3.4
Conjurations   | |  4.5

Action                   || total
-------------------------++-------
 Cast: Magic Dart        ||    17
  Use: Potion            ||     1
Dodge: Dodged            ||     6
